AoeStats
← Red Calypso

Socotra

504347787Analyzed
3v3 RM · 28d ago on Sep 5, 2026· 44m 41s· 6 players
Game mode
Random Map
Map size
128×128
Population
200
Speed
Normal
Resources
Standard
Victory
Conquest
Starting age
Dark Age
Ending age
Imperial Age
RankedLock teamsTeams togetherTeam positionsShared explorationLock speedFull tech treeHidden civsTurbo modeCheats
Victory
Defeat
🇨🇦 Lithuanians · Canada
1583
+12
🇲🇴 Cumans · Macao SAR China
1387
+19
🇺🇸 Sicilians · United States
1370
+20
🇩🇪 Magyars · Germany
1544
-20
🇩🇪 Khmer · Germany
1478
-17
🇦🇹 Celts · Austria
1390
-14
Red Calypso
6:31 Loom
14:38 Feudal Age
19:39 Double-Bit Axe
22:19 Man-at-Arms
34:47 Horse Collar
40:07 Castle Age
Breznsoiza
7:42 Loom
9:59 Feudal Age
10:28 Double-Bit Axe
10:34 Horse Collar
23:19 Castle Age
22:18 Bloodlines
22:20 Scale Barding Armor
23:00 Gold Mining
28:06 Husbandry
28:39 Chain Barding Armor
28:47 Husbandry
ShellyBlackJack
3:58 Loom
11:48 Feudal Age
14:57 Castle Age
13:11 Double-Bit Axe
15:51 Bow Saw
16:29 Horse Collar
22:44 Wheelbarrow
23:21 Scale Barding Armor
23:26 Forging
27:03 Gold Mining
29:28 Hand Cart
31:50 Imperial Age
30:16 Bloodlines
30:55 Heavy Plow
31:26 Husbandry
32:25 Forging
34:09 Crop Rotation
36:20 Light Cavalry
40:00 Hand Cart
43:32 Chain Barding Armor
43:47 Iron Casting
c3n3
2:01 Loom
10:50 Feudal Age
18:39 Horse Collar
19:01 Double-Bit Axe
23:54 Wheelbarrow
27:15 Castle Age
25:53 Scale Mail Armor
26:11 Gold Mining
27:17 Forging
27:19 Pikeman
29:02 Fletching
35:23 Chain Mail Armor
ノルフ
6:58 Loom
9:04 Feudal Age
9:36 Double-Bit Axe
10:39 Horse Collar
15:38 Scale Barding Armor
17:00 Forging
21:40 Castle Age
21:15 Bloodlines
20:56 Gold Mining
22:49 Chain Barding Armor
25:32 Iron Casting
27:01 Bow Saw
27:04 Husbandry
34:40 Heavy Plow
37:08 Pikeman
40:12 Scale Mail Armor
44:25 Imperial Age
dont help
2:26 Loom
11:46 Feudal Age
14:36 Double-Bit Axe
14:54 Fletching
28:37 Scale Mail Armor
36:51 Castle Age
36:09 Wheelbarrow
36:33 Gold Mining
36:56 Pikeman
38:30 Bow Saw
39:27 Squires
41:14 Chain Mail Armor
41:55 Capped Ram
Connection lost

Rejoining the realm…

Still unreachable

The connection could not be restored.

Session expired

The server has moved on; the page needs a fresh start.